[Event "Turniej 30-lecia Liceum im. Józefa Bema"]
[Site "Warsaw, Poland"]
[Date "????.??.??"]
[Round "6.9"]
[White "Szewczak, Anna"]
[Black "Wiktorowski, Janusz"]
[Result "0-1"]
[TimeControl "0:10:02"]
[WhiteElo "2005"]
[BlackElo "1440"]

1. e4 e5 2. Nf3 Nc6 3. d4 exd4 4. Bc4 Nf6 5. e5 d5 6. Bb5 Ne4 7. Nxd4 Bd7 8. Be3 Nxe5 9. Bxd7+ Qxd7 10.
Bf4 Bd6 11. O-O O-O-O 12. Nb3 c6 13. Qd4 Nf3+ 14. gxf3 Bxf4 15. fxe4 Qg4+ 16. Kh1 Qh3 17. Nc3 Qxh2# 0-1

[Event "Turniej 30-lecia Liceum im. Józefa Bema"]
[Site "Warsaw, Poland"]
[Date "????.??.??"]
[Round "6.10"]
[White "Pancewicz, Szymon"]
[Black "Basiaga, Sebastian"]
[Result "1/2-1/2"]
[TimeControl "0:10:02"]
[WhiteElo "1477"]
[BlackElo "1771"]

1. e4 e5 2. Nf3 Nc6 3.
Bb5 a6 4. Ba4 Nf6 5. O-O b5 6. Bb3 Bc5 7. Re1 d6 8. c3 h6 9. d4 Bb6 10. d5 Ne7 11. a4 Bb7 12. Nbd2 c6 13. dxc6 Bxc6 14. Qc2 O-O 15.
Nf1 Rc8 16. Ng3 Qc7 17. Be3 Bxe3 18. Rxe3 Qb6 19. a5 Qc7 20. Rd1 Rcd8 21. Ra1 Rfe8 22. Qe2 Ng6 23. h3 d5 24. exd5 Nxd5 25.
Bxd5 Bxd5 26. Qe1 f6 27. Rd1 Bxf3 28.
Rxf3 Qxa5 29. Rxd8 Rxd8 30. Nf5 Rd7 31. Kh2 Qc7 32. Qe4 Nf4 33. g3 Ne6 34. Rd3 Kf7 35. Rxd7+ Qxd7 36. Qa8 Qd2 37. Qf3 Ng5 38. Qb7+ Kg6 39. Ne7+ Kh7 40. Kg2 Qd3 41. Qxa6 Qe4+ 42.
Kf1 Qd3+ 43. Kg2 Ne4 44.
Qe6 Nd2 45. Qf5+ Qxf5 46. Nxf5 Nc4 47. Ne3 Nxb2 48. Nd5 Na4 49. Kf3 Kg6 50. Ke4 Kf7 51. Kd3 Ke6 52. Nc7+ Kf5 53. Nxb5 Nc5+ 54. Ke3 Ke6 55. Nc7+ Ke7 56. Nd5+ Ke6 57. Nc7+ Kf7 58. Nb5 f5 59.
Nd6+ Ke6 60. Nc4 g5 61. h4 f4+ 62.
Ke2 e4 63. Nd2 Kf5 64. hxg5 hxg5 65. gxf4 gxf4 66. c4 Ke5 67. f3 e3 68. Nf1 Kd4 69. Nh2 Kxc4 70. Ng4 Ne6 71. Nf6 Kd4 72. Nh5 Ke5 73. Ng7 Nc5 74. Ne8 Nb3 75. Nc7 Nd4+ 76. Kf1 e2+ 77. Kf2 Nxf3 78. Kxe2 Nd4+ 79. Kf2 Ke4 80. Na6 f3 81. Nc5+ Kf4 82. Nd3+ Ke4 83. Ne1 Kf4 84. Nxf3 Nxf3 1/2-1/2

[Event "Turniej 30-lecia Liceum im. Józefa Bema"]
[Site "Warsaw, Poland"]
[Date "????.??.??"]
[Round "7.2"]
[White "Adamski, Jan"]
[Black "Maciaga, Marcin"]
[Result "1/2-1/2"]
[TimeControl "0:10:02"]
[WhiteElo "2127"]
[BlackElo "2159"]

1. Nf3 Nf6 2. c4 g6 3. Nc3 c5 4.
e4 d6 5.
d4 cxd4 6. Nxd4 Nc6 7. f3 Nxd4 8. Qxd4 Bg7 9. Be3 O-O 10. Qd2 Be6 11. Rc1 Qa5 12. b3 Rfc8 13. Be2 a6 14. Nd5 Qxd2+ 15. Kxd2 Nxd5 16. cxd5 Bd7 17. Rxc8+ Rxc8 18. Rc1 Rxc1 19. Kxc1 Bc3 20. a3 f6 21. Kc2 Ba5 22. Bc4 Kf8 23.
b4 Bc7 24. Kb3 b5 25. Bd3 Kf7 26. Kc3 Ke8 27. Bc2 Kd8 28. Bd3 Kc8 1/2-1/2

[Event "Turniej 30-lecia Liceum im. Józefa Bema"]
[Site "Warsaw, Poland"]
[Date "????.??.??"]
[Round "7.3"]
[White "Nurkiewicz, Maciej"]
[Black "Kedzierski, Slawomir"]
[Result "1/2-1/2"]
[TimeControl "0:10:02"]
[WhiteElo "2301"]
[BlackElo "2061"]

1. d4 Nf6 2. c4 e6 3. Nf3 d5 4. Nc3 Be7 5. Bf4 O-O 6.
e3 c6 7.
h3 Nbd7 8. c5 b6 9. b4 bxc5 10. bxc5 Qa5 11. Qd2 Ba6 12. Rb1 Bd8 13. Bd6 Re8 14. Bd3 Bxd3 15. Qxd3 Ne4 16. Rb3 Nxd6 17.
cxd6 c5 18. Qb5 Qxb5 19. Rxb5 Bb6 20. Ke2 cxd4 21. exd4 Rec8 22. Kd3 Rc6 23. a4 Rxd6 24. a5 a6 25. Rxb6 Nxb6 26. axb6 Rxb6 27.
Nd2 f6 28. Na4 Rb4 29. Nc5 e5 30. dxe5 fxe5 31. f3 a5 32.
Re1 Rd4+ 33. Ke3 Rc8 34. Ncb3 Rc3+ 35. Ke2 Ra4 36. Kd1 Ra3 37. Rxe5 Raxb3 38. Nxb3 Rxb3 39. Rxd5 a4 40. Ra5 a3 41. Ra7 h6 42. h4 Rb2 43. Rxa3 Rxg2 44. Ke1 Kf7 45. Ra4 Kf6 46.
Kf1 Rd2 47. Rg4 g6 48. Re4 Kf5 49. Rg4 Ra2 50. Re4 Rh2 51. Kg1 Rd2 52. Kf1 h5 53. Kg1 Rb2 54. Rc4 1/2-1/2

[Event "Turniej 30-lecia Liceum im. Józefa Bema"]
[Site "Warsaw, Poland"]
[Date "????.??.??"]
[Round "7.4"]
[White "Praczukowski, Stanislaw"]
[Black "Bielinski, Leszek"]
[Result "1-0"]
[TimeControl "0:10:02"]
[WhiteElo "2113"]
[BlackElo "1854"]

1. d4 Nf6 2. c4 e6 3. Nf3 d5 4. g3 dxc4 5. Bg2 Be7 6. O-O O-O 7. Ne5 c5 8. dxc5 Qxd1 9. Rxd1 Bxc5 10.
Nxc4 Nc6 11. Nc3 Bd7 12. Bg5 Rfd8 13. Nd6 Bxd6 14. Rxd6 Ne8 15. Rd2 f6 16. Rad1 fxg5 17. Rxd7 Nf6 18.
Rxb7 Rxd1+ 19. Nxd1 Nd5 20. a3 Rb8 21. Rxb8+ Nxb8 22. e3 Kf7 23. Kf1 Nd7 24. Ke2 Ne5 25. f4 gxf4 26. exf4 Ng4 27.
h3 Ngf6 28. Ne3 Nb6 29. g4 Ke7 30. Bf3 Kd6 31. Kd3 h6 32. Nc4+ Nxc4 33. Kxc4 e5 34. fxe5+ Kxe5 35. Kb5 Kf4 36. Bc6 Kg3 37. Ka6 Kxh3 38. Kxa7 Kxg4 39. b4 Kf4 40. b5 Ne4 41. Bxe4 Kxe4 42. b6 1-0

[Event "Turniej 30-lecia Liceum im. Józefa Bema"]
[Site "Warsaw, Poland"]
[Date "????.??.??"]
[Round "7.5"]
[White "Szymczak, Rafal"]
[Black "Gronkowski, Dariusz"]
[Result "1/2-1/2"]
[TimeControl "0:10:02"]
[WhiteElo "2021"]
[BlackElo "1645"]

1. f4 d6 2. Nf3 e5 3. fxe5 dxe5 4.
Nxe5 Qh4+ 5. g3 Qe4 6. Nf3 Bd6 7. Bg2 Nf6 8. O-O O-O 9. d3 Bc5+ 10. Kh1 Qe7 11. Bg5 Nbd7 12. Nc3 c6 13.
Ne4 Bb6 14. Nxf6+ Nxf6 15. e4 h6 16. Bxf6 Qxf6 17. c3 Qe7 18. Nh4 Be6 19. d4 Rad8 20. Qf3 Qd7 21. Nf5 Bxf5 22. exf5 Bc7 23.
Rae1 Rde8 24. Kg1 Rxe1 25. Rxe1 Re8 26. Re4 Rxe4 27. Qxe4 Kf8 28. f6 g6 29. Bh3 Qe8 30. Qf3 Qe1+ 31.
Bf1 Kg8 32. b4 Bd8 33. Qf4 Kh7 34. Qd6 Qe3+ 35. Kg2 Qe4+ 36. Kg1 Qe3+ 37. Kg2 Qe4+ 38. Kg1 1/2-1/2

[Event "Turniej 30-lecia Liceum im. Józefa Bema"]
[Site "Warsaw, Poland"]
[Date "????.??.??"]
[Round "7.6"]
[White "Janeczko, Jakub"]
[Black "Dworakowski, Lukasz"]
[Result "1-0"]
[TimeControl "0:10:02"]
[WhiteElo "1661"]
[BlackElo "2185"]

1. e4 e5 2. Nf3 Nc6 3. d4 exd4 4. Bc4 Nf6 5. e5 Ne4 6. O-O d5 7. Bb5 Bd7 8. Bxc6 bxc6 9. Nxd4 Be7 10. f3 Nc5 11. Be3 Ne6 12. c3 O-O 13. Nd2 c5 14. Nf5 d4 15. cxd4 cxd4 16. Bf2 c5 17. Ne4 Bc6 18. Ned6 Bg5 19. b4 g6 20. Ng3 Bf4 21. Re1 Bxe5 22. Nxf7 Kxf7 23. Rxe5 cxb4 24. Qb3 Qd6 25. Rae1 Rfe8 26. Kh1 Rad8 27. Bxd4 Bd5 28. Qa4 Bc6 29. Qb3 Qxd4 30. Rxe6 Bd5 31. Rxe8 Bxb3 32. R1e7+ Kf6 33. Ne4+
Kf5 34. Ng3+ Kf4 35. Ne2+ Kg5 36. Nxd4 Rxd4 37.
axb3 a5 38. Re5+ Kf6 39. Re4 Rd3 40. Re3 Rd1+ 41. Re1 Rd3 42. R8e3 Rd2 43. h4 Rb2 44. Ra1 1-0

[Event "Turniej 30-lecia Liceum im. Józefa Bema"]
[Site "Warsaw, Poland"]
[Date "????.??.??"]
[Round "7.8"]
[White "Krasiewicz, Robert"]
[Black "Klim, Filip"]
[Result "0-1"]
[TimeControl "0:10:02"]
[WhiteElo "1948"]
[BlackElo "1577"]

1. c4 c5 2. g3 g6 3.
Bg2 Bg7 4. Nf3 Nc6 5. Nc3 Nf6 6.
O-O O-O 7. a3 d6 8. Rb1 Bf5 9. d3 Rb8 10. b4 Nd7 11. Nd5 Be6 12. Nf4 Nce5 13. Ng5 Bf5 14. e4 h6 15. Ngh3 Bxh3 16.
Bxh3 b6 17. Nd5 e6 18. Ne3 Nc6 19. Nc2 Kh7 20. Be3 Qf6 21. b5 Nd4 22. Bxd4 cxd4 23. Nb4 Rb7 24. a4 g5 25. Ra1 Qg6 26.
a5 f5 27. exf5 exf5 28. axb6 axb6 29. Bg2 Rbb8 30. Nc6 Rbe8 31. Ra7 Ne5 32. Qb3 Nxc6 33. bxc6 Rb8 34. c7 Rbc8 35. Qxb6 d5 36. Qxg6+ Kxg6 37. Bxd5 Be5 38.
Re1 Bxc7 39. Re6+ Kh5 40. Kg2 f4 41. h3 fxg3 42. fxg3 g4 43. Re7 Bd6 44. Bf7+ Kg5 45. Re6 Bc5 46.
Ra5 Rxf7 47. Re5+ Rf5 48. h4+ Kg6 49. Ra6+ Rf6 50. h5+ Kg7 51. Ra5 Rfc6 52. Rb5 Bd6 53. Re4 Rc5 54. Rxg4+ Kh7 55. Rb7+ R5c7 56. Rb6 Rc6 57. Rb7+ R8c7 58. Rb5 Rc5 59. Rb6 Be7 60. Rxd4 Bg5 61. Re4 Rd7 62. Rb3 Rc8 63.
Kf3 Rcd8 64. Ke2 Kg7 65. c5 Rc7 66. Rc4 Rd5 67. c6 Rd6 68.
Rb6 Bd8 69. Ra6 Re7+ 70. Kd2 Bc7 71. d4 Rd5 72. Kd3 Bxg3 73.
Rb6 Bc7 74. Rb7 Rf5 75. Kc3 Re3+ 76.
Kb4 Re7 77. Rc5 Bd6 78. Rxe7+ Bxe7 79. c7 Bxc5+ 80. dxc5 Rf8 81. Kb5 Kf6 82. Kc6 Ke6 83.
Kb7 Kd7 84. c6 Kd6 85. c8=Q Rxc8 86. Kxc8 Kxc6 87. Kd8 Kd6 88. Ke8 Ke6 89. Kf8 Kf6 90. Ke8 Kg5 91. Ke7 Kxh5 92. Ke6 Kg4 93. Ke5 h5 94. Kd4 0-1

[Event "Turniej 30-lecia Liceum im. Józefa Bema"]
[Site "Warsaw, Poland"]
[Date "????.??.??"]
[Round "7.9"]
[White "Grzenkowicz, Lukasz"]
[Black "Siekierski, Pawel"]
[Result "0-1"]
[TimeControl "0:10:02"]
[WhiteElo "1546"]
[BlackElo "1889"]

1. d4 d5 2. Nf3 e6 3. Bf4 Nf6 4.
e3 Bd6 5. Bxd6 Qxd6 6. Nbd2 O-O 7. Bd3 c5 8. dxc5 Qxc5 9. Ne5 Nbd7 10. Ndf3 Qb4+ 11. Kf1 Qxb2 12.
Nxd7 Bxd7 13. Qb1 Qc3 14. Qe1 Qc7 15. a4 Rfc8 16. Ra2 Ne4 17. Bxe4 Qc4+ 18. Qe2 Qxa2 19. Bd3 Qa1+ 20. Ne1 g6 21.
f3 Bxa4 22. g3 Rc7 23. Kg2 Rac8 24. h4 Qf6 25. h5 g5 26. f4 gxf4 27. h6 Bxc2 28. Qg4+ Kh8 29. Qg7+ Qxg7 30. hxg7+ Kxg7 31. Nxc2 Rxc2+ 32. Kf3 R2c3 33. Rxh7+ Kg8 34. Bb1 fxe3 35. Kg4 e2 0-1

[Event "Turniej 30-lecia Liceum im. Józefa Bema"]
[Site "Warsaw, Poland"]
[Date "????.??.??"]
[Round "7.10"]
[White "Rylski, Tadeusz"]
[Black "Pichurko, Jakub"]
[Result "1-0"]
[TimeControl "0:10:02"]
[WhiteElo "1358"]
[BlackElo "1677"]

1. d4 Nf6 2. c4 g6 3.
Nf3 Bg7 4. g3 c6 5. Bg2 O-O 6. O-O d5 7. Nbd2 Bf5 8. b3 Ne4 9. Bb2 Nd7 10. Nh4 Nxd2 11. Qxd2 Be6 12. Rac1 Nf6 13.
Rfd1 Qd7 14. Ba3 Rfe8 15. Qb4 a5 16. Qe1 a4 17. Ra1 dxc4 18. bxc4 Bxc4 19. Nf3 Bd5 20. Ne5 Qf5 21. f3 Qe6 22.
Qb4 b5 23. Rdc1 Rac8 24. e4 Bxa2 25. Rxc6 Rxc6 26. Nxc6 Qxc6 27. Rxa2 Bf8 28. Qc5 Rc8 29. Bh3 e6 30. Qxc6 Rxc6 31.
Bxf8 Kxf8 32. Bf1 Rc1 33.
Kf2 Rb1 34. h4 Ke7 35. g4 Kd7 36. Rc2 b4 37. Bb5+ Kd8 38. Bxa4 Nd7 39. Rc6 b3 40. Rd6 Kc7 41. Rxd7+ Kb6 42. Rd8 Ka5 43. Ra8+ Kb4 44. Bxb3 Kxb3 45. Rb8+ Kc2 46. Rxb1 Kxb1 47. d5 exd5 48. exd5 Kc2 49. d6 Kc3 50. d7 1-0